 Dungeon Crawl Stone Soup version 0.16.1-51-g6203257 (webtiles) character file.

212 kae the Ruffian (level 5, 0/40 HPs)
             Began as a Draconian Transmuter on July 18, 2015.
             Succumbed to an orc's poison
             ... on level 3 of the Dungeon.
             The game lasted 00:02:16 (2587 turns).

kae the Ruffian (Draconian Transmuter)              Turns: 2587, Time: 00:02:16

Health: 0/40       AC:  5    Str: 13    XL:     5   Next: 58%
Magic:  7/9        EV: 12    Int: 18    God:
Gold:   92         SH:  0    Dex: 12    Spells: 3 memorised, 2 levels left

rFire  . . .     SeeInvis .       - Unarmed
rCold  . . .     Clarity  .     (armour unavailable)
rNeg   . . .     SustAb   .     (no shield)
rPois  .         Gourm    .     (helmet restricted)
rElec  .         Spirit   .     (no cloak)
rCorr  .         Warding  .     (no gloves)
rMut   .         Stasis   .     (no boots)
MR     .....                    (no amulet)
Stlth  +.........               (no ring)
                                (no ring)

@: brilliant, lethally poisoned (0 -> -9), not resistant to hostile
enchantments, very unstealthy
A: unfitting armour, stinger 1, spit poison 1, cold-blooded, AC +5
a: Spit Poison


You were on level 3 of the Dungeon.
You were not hungry.

You visited 1 branch of the dungeon, and saw 3 of its levels.

You collected 92 gold pieces.

Inventory:

Missiles
 b - 12 arrows
Armour
 o - a +0 pair of gloves
Jewellery
 g - an uncursed amulet of clarity {unknown}
Scrolls
 e - 2 scrolls of random uselessness {unknown}
 h - 3 scrolls of remove curse {unknown}
 j - 2 scrolls of magic mapping {unknown}
 m - a scroll of enchant armour {unknown}
 p - a scroll of enchant weapon {unknown}
 r - a scroll of teleportation {unknown}
 s - 2 scrolls of identify {unknown}
 w - a scroll of fog {unknown}
Potions
 c - a potion of might {unknown}
 f - a potion of restore abilities
 l - a potion of poison {unknown}
 q - 2 potions of brilliance
 u - a potion of ambrosia {unknown}
Books
 d - a book of Changes

   Spells                             Type                      Level
   a - Beastly Appendage              Transmutation                1
   b - Sticks to Snakes               Transmutation                2
   c - Spider Form                    Transmutation/Poison         3
   d - Ice Form                       Ice/Transmutation            4
   e - Blade Hands                    Transmutation                5
Comestibles
 a - a bread ration
 i - 2 meat rations
 n - a royal jelly
 t - a beef jerky


   Skills:
 - Level 1.1 Fighting
 - Level 1.7 Dodging
 * Level 5.4 Unarmed Combat
 - Level 2.0 Spellcasting
 + Level 3.8 Transmutations


You had 2 spell levels left.
You knew the following spells:

 Your Spells              Type           Power        Failure   Level  Hunger
a - Beastly Appendage     Trmt           ####..       1%          1    #......
b - Sticks to Snakes      Trmt           ####......   1%          2    ###....
c - Spider Form           Trmt/Pois      ###.......   3%          3    ###....


Dungeon Overview and Level Annotations

Branches:
Dungeon (3/15)

Altars:


Innate Abilities, Weirdness & Mutations

Your plain brown scales are hard (AC +5).
Your body does not fit into most forms of armour.
Your cold-blooded metabolism reacts poorly to cold.
Your tail ends in a poisonous barb.
You can spit poison.


Message History

You feel sick.
You see here a poisoned tomahawk.
Your transformation has ended.
* * * LOW HITPOINT WARNING * * *
You feel sick.
There is a stone staircase leading up here.
Drink which item? (? for menu, Esc to quit)
It was a potion of restore abilities.
You feel refreshed.
* * * LOW HITPOINT WARNING * * *
You feel sick.
Drink which item? (? for menu, Esc to quit)
It was a potion of brilliance.
You feel clever all of a sudden.
* * * LOW HITPOINT WARNING * * *
You feel sick.
Drink which item? (? for menu, Esc to quit)
It was a potion of mutation.
You feel extremely strange.
There is a nasty taste in your mouth for a moment.
A poisonous barb forms on the end of your tail.
You die...

..# ..# . ..# ......+ ..#
#.....## ..# ##>#....###
..# #.........#### ..# .
#..#.........##'##....#
#### #..#...............#
...###..#.......@.####....#
........#......)(......####
............####)#######
#.###...#.#.####(#
.................#
...............#.#
........#.####.#.#######
##.##.###.####.........#
......# #............#.#


There were no monsters in sight!

Vanquished Creatures
  An ogre (D:3)
  A hound (D:2)
  Jessica (D:2)
  3 adders
  4 giant geckos
  2 orcs (D:3)
  4 bats
  A giant cockroach (D:2)
  7 hobgoblins
  3 jackals (D:2)
  6 kobolds
  A quokka (D:2)
  A giant newt (D:2)
  7 goblins
  6 rats
48 creatures vanquished.

Vanquished Creatures (others)
  4 toadstools (D:1)
4 creatures vanquished.

Grand Total: 52 creatures vanquished

Notes
Turn   | Place    | Note
--------------------------------------------------------------
     0 | D:1      | kae, the Draconian Transmuter, began the quest for the Orb.
     0 | D:1      | Reached XP level 1. HP: 16/16 MP: 3/3
   439 | D:1      | Reached XP level 2. HP: 20/23 MP: 2/4
  1274 | D:2      | Reached XP level 3. HP: 28/28 MP: 4/6
  1339 | D:2      | Noticed Jessica
  1347 | D:2      | Killed Jessica
  1347 | D:2      | Reached skill level 4 in Unarmed Combat
  1763 | D:2      | Reached XP level 4. HP: 35/35 MP: 7/7
  2462 | D:3      | Noticed an ogre
  2491 | D:2      | Learned a level 2 spell: Sticks to Snakes
  2495 | D:2      | Learned a level 3 spell: Spider Form
  2580 | D:3      | Killed an ogre
  2580 | D:3      | Reached skill level 5 in Unarmed Combat
  2580 | D:3      | Reached XP level 5. HP: 9/40 MP: 6/9
  2585 | D:3      | HP: 2/40 [poisoned by an orc]
  2587 | D:3      | Gained mutation: You can spit poison. [potion of mutation]
  2587 | D:3      | Gained mutation: Your tail ends in a poisonous barb. [potion of mutation]
  2587 | D:3      | Succumbed to an orc's poison

Action                   |  1- 3 |  4- 6 || total
-------------------------+-------+-------++-------
Melee: Unarmed           |   127 |    70 ||   197
 Cast: Beastly Appendage |     7 |     3 ||    10
       Spider Form       |       |     1 ||     1
  Use: Potion            |       |     3 ||     3
 Stab: Sleeping          |       |     1 ||     1
  Eat: Chunk             |     3 |     3 ||     6
